 Dungeon Crawl Stone Soup version 0.29-a0-520-gc852659d43 (console) character file.

Game seed: 8165128963300828084

5 om the Vexing (level 1, 0/13 HPs)
             Began as a Vampire Enchanter on May 31, 2022.
             Slain by a jackal (3 damage)
             ... on level 1 of the Dungeon.
             The game lasted 00:00:26 (67 turns).

om the Vexing (Vampire Enchanter)                     Turns: 67, Time: 00:00:27

Health: 0/13       AC:  2    Str:  7    XL:     1   Next: 66%
Magic:  3/3        EV: 12    Int: 17    God:
Gold:   0          SH:  0    Dex: 14    Spells: 4/4 levels left

rFire   . . .      SeeInvis +   a - +1 dagger
rCold   . . .      Faith    .   (no shield)
rNeg    . . .      Spirit   .   b - +0 robe
rPois   .          Reflect  .   (no helmet)
rElec   .          Harm     .   (no cloak)
rCorr   .          Rampage  .   (no gloves)
Will    .....                   (no boots)
Stlth   +++.......              (no amulet)
HPRegen 0.24/turn               (no ring)
MPRegen 0.08/turn               (no ring)

@: healing quickly
A: alive, fangs 3, see invisible, vampiric 1
a: Exsanguinate


You were on level 1 of the Dungeon.
You visited 1 branch of the dungeon, and saw 1 of its levels.

Inventory:

Hand Weapons
 a - a +1 dagger (weapon)
Armour
 b - a +0 robe (worn)
Potions
 c - 2 potions of invisibility
 d - a potion of mutation {unknown}


   Skills:
 * Level 2.0 Short Blades
 - Level 2.1 Dodging
 - Level 4.4 Stealth
 - Level 2.0 Spellcasting
 - Level 4.4 Hexes


You had 4 spell levels left.
You didn't know any spells.
Your spell library contained the following spells:

 Spells                   Type           Power      Damage    Failure   Level
 Confusing Touch          Hex            16%        N/A       10%         3
 Tukima's Dance           Hex            16%        N/A       10%         3
 Ensorcelled Hibernation  Hex/Ice        18%        N/A       12%         2
 Dazzling Flash           Conj/Hex       18%        N/A       24%         3


Dungeon Overview and Level Annotations

Branches:
Dungeon (1/15)

Altars:


Innate Abilities, Weirdness & Mutations

Your natural rate of healing is accelerated.
You have razor-sharp teeth.
You have supernaturally acute eyesight. (SInv)
You are afflicted with vampirism.


Message History

The jackal is moderately wounded.
The jackal bites you but does no damage.
The jackal closely misses you.
You hit the jackal but do no damage.
The jackal is moderately wounded.
The jackal bites you but does no damage.
You hit the jackal.
You kill the jackal!
You hit the jackal.
The jackal is moderately wounded.
The jackal closely misses you.
You hit the jackal.
You kill the jackal!
Your Short Blades skill increases to level 2!
You hit the jackal.
The jackal is heavily wounded.
The jackal closely misses you. The jackal bites you.
You closely miss the jackal.
The jackal is heavily wounded.
The jackal barely misses you.
You barely miss the jackal.
The jackal is heavily wounded.
The jackal bites you but does no damage.
You hit the jackal.
The jackal is severely wounded.
The jackal misses you. The jackal bites you.
* * * LOW HITPOINT WARNING * * *
You closely miss the jackal. Your bite misses the jackal.
The jackal is heavily wounded.
The jackal closely misses you.
You hit the jackal but do no damage.
The jackal is heavily wounded.
The jackal misses you.
You hit the jackal but do no damage. Your bite misses the jackal.
The jackal is heavily wounded.
The jackal closely misses you. x2
You barely miss the jackal.
The jackal is heavily wounded.
The jackal bites you.
You die...

# #.## . #.#... .#
#.#..####.#.
........... .#..†..#
######## .#.....#
#⌠..>..##.#.....#
#......#..#..##.#
#......#.##.....#
#...##.#.###.####+#...
#...##.#.....@h.......
#......#.###.##.......
#⌠.....'.# #.# .......
#......#.# #.# .######
#≈..##.#.# #.# .#
#≈≈.##.#.# $.. #.
#≈≈≈...#.# .≈. #
#≈≈≈...#.. ≈≈≈
#⌠≈≈<..### ########


You could see a jackal.

Vanquished Creatures
  3 jackals (D:1)
  A quokka (D:1)
4 creatures vanquished.

Notes
Turn   | Place    | Note
-------+----------+-------------------------------------------
     0 | D:1      | om the Vampire Enchanter began the quest for the Orb.
     0 | D:1      | Reached XP level 1. HP: 13/13 MP: 3/3
    67 | D:1      | Slain by a jackal

Illustrated notes

Levels and vault maps discovered:
D:1:      amcnicky_arrival_flooded_fountain, layout_basic,
          shapermc_ecumenical_altar_venn, corexii_corridor_pit,
          chequers_serial_rivers_room_a, amcnicky_mini_pool_small

Skill      XL: |  1 |
---------------+----+-----
Short Blades   | 2 |  2.0
Dodging        | |  2.1
Stealth        | |  4.4
Spellcasting   | |  2.0
Hexes          | |  4.4

Action                   || total
-------------------------++-------
Melee: Dagger            ||    31
       Bite              ||     3
 Stab: Sleeping          ||     1
Armor: Robe              ||     7
Dodge: Dodged            ||    20

Table legend: (Time is in decaauts)
 A = Elapsed time spent in this place.
 B = Non-inter-level travel time spent in this place.
 C = Inter-level travel time spent in this place.
 D = Time resting spent in this place.
 E = Time spent auto-exploring this place.
 F = Levels seen in this place.
 G = Mean time per level.
                   A        B        C        D        E       F      G
               +--------+--------+--------+--------+--------+-----+--------+
         Total |     64 |     64 |      0 |      0 |     25 |   1 |   64.0 |
       Dungeon |     64 |     64 |      0 |      0 |     25 |   1 |   64.0 |
               +--------+--------+--------+--------+--------+-----+--------+

Top non-repeatable levels by time:
     D:1: 64 daAuts
